[ AOE2 MATCH · #506678512 ]
UnrankedMagyars vs Spanish
Player's team · WIN
Rival team · LOSS
[ REPLAY ANALYSIS · EXTRACTED FROM THE RECORDED GAME ]
Feudal
10:19
Castle
20:18
Imperial
34:39
| APM avg | 50.7 |
| APM peak | 80 |
| eAPM avg | 26.5 |
| Villagers / military | 166 / 287 |
Focus
⚔️ 46.8% · 🌾 53.2%
Cavalry Archer ×127 · Scout Cavalry ×81 · Knight ×38 · Archer ×21 · Trebuchet (Packed) ×15 · Militia ×3
Feudal
10:52
Castle
20:37
Imperial
36:18
| APM avg | 32.9 |
| APM peak | 57 |
| eAPM avg | 19.9 |
| Villagers / military | 147 / 395 |
Focus
⚔️ 32.9% · 🌾 67.1%
Spearman ×250 · Knight ×133 · Militia ×6 · Trebuchet (Packed) ×4 · Mangonel ×2
Match map
Initial resources + every placement click. Lines = walls · curves = elevation contours. ◆ gold · ⬟ stone · ● berries · ✦ relic · ◌ wall gap
Your base· Open — 2t gap
marius_590's base· ✓ Closed at 20:37 · 4t walls · 1 gate(s)
Smoothed initial terrain · ◌ = detected wall gap · hover for details
Inputs per minute
— Kurminog - - marius_590
Build order — Kurminog
First 150 of 669 actions detected
| 0:01 | Create | Villager (Male) |
| 0:04 | Build | House |
| 0:05 | Build | House |
| 0:14 | Create | Villager (Male) |
| 0:23 | Create | Villager (Male) |
| 0:40 | Create | Villager (Male) |
| 1:33 | Create | Villager (Male) |
| 1:50 | Build | Lumber Camp |
| 1:51 | Create | Villager (Male) |
| 2:30 | Create | Villager (Male) |
| 2:30 | Create | Villager (Male) |
| 2:59 | Create | Villager (Male) |
| 3:21 | Create | Villager (Male) |
| 3:47 | Create | Villager (Male) |
| 3:51 | Build | House |
| 4:06 | Create | Villager (Male) |
| 4:28 | Build | House |
| 4:33 | Create | Villager (Male) |
| 4:52 | Create | Villager (Male) |
| 5:07 | Build | Barracks |
| 5:21 | Create | Villager (Male) |
| 5:52 | Create | Villager (Male) |
| 6:08 | Create | Militia |
| 6:08 | Create | Militia |
| 6:10 | Create | Villager (Male) |
| 6:23 | Create | Villager (Male) |
| 6:25 | Create | Militia |
| 6:43 | Research | Loom |
| 6:43 | Research | Loom |
| 6:49 | Build | Mill |
| 7:04 | Build | House |
| 7:40 | Create | Villager (Male) |
| 8:09 | Research | Feudal Age |
| 9:16 | Build | Mining Camp |
| 9:28 | Build | House |
| 10:07 | Build | House |
| 10:19 | Age | Feudal Age |
| 10:22 | Create | Villager (Male) |
| 10:24 | Build | Archery Range |
| 10:30 | Create | Villager (Male) |
| 10:30 | Research | Double-Bit Axe |
| 11:15 | Create | Villager (Male) |
| 11:24 | Create | Archer |
| 11:48 | Build | House |
| 12:15 | Create | Villager (Male) |
| 12:21 | Create | Archer |
| 12:22 | Research | Horse Collar |
| 12:35 | Create | Archer |
| 12:45 | Build | House |
| 12:46 | Create | Villager (Male) |
| 13:08 | Build | Blacksmith |
| 13:17 | Create | Villager (Male) |
| 13:18 | Create | Archer |
| 13:27 | Build | Farm |
| 13:29 | Build | Farm |
| 13:32 | Build | Farm |
| 13:33 | Create | Villager (Male) |
| 13:39 | Create | Archer |
| 13:52 | Create | Villager (Male) |
| 13:54 | Build | Farm |
| 14:10 | Build | Outpost |
| 14:12 | Research | Town Watch |
| 14:28 | Build | Farm |
| 14:32 | Build | Outpost |
| 14:32 | Create | Villager (Male) |
| 14:54 | Build | Farm |
| 14:57 | Build | Farm |
| 14:57 | Create | Villager (Male) |
| 15:06 | Create | Archer |
| 15:08 | Research | Fletching |
| 15:24 | Create | Villager (Male) |
| 15:27 | Build | Farm |
| 15:29 | Build | Farm |
| 15:34 | Build | Farm |
| 15:34 | Create | Villager (Male) |
| 15:47 | Create | Villager (Male) |
| 15:55 | Create | Archer |
| 16:08 | Create | Villager (Male) |
| 16:13 | Create | Villager (Male) |
| 16:34 | Build | Watch Tower |
| 16:41 | Build | Farm |
| 16:45 | Build | Farm |
| 16:57 | Create | Archer |
| 17:19 | Build | Mining Camp |
| 17:21 | Create | Archer |
| 17:25 | Build | Palisade Wall |
| 17:26 | Build | Palisade Wall |
| 17:27 | Build | Palisade Wall |
| 17:37 | Create | Archer |
| 17:38 | Research | Castle Age |
| 18:01 | Build | Archery Range |
| 18:11 | Create | Archer |
| 18:14 | Research | Padded Archer Armor |
| 18:39 | Create | Archer |
| 18:53 | Create | Archer |
| 18:57 | Research | Stone Mining |
| 19:05 | Build | Mill |
| 19:07 | Create | Archer |
| 19:22 | Research | Gold Mining |
| 19:31 | Create | Archer |
| 19:35 | Create | Archer |
| 20:09 | Create | Archer |
| 20:18 | Age | Castle Age |
| 20:19 | Research | Bodkin Arrow |
| 20:23 | Create | Villager (Male) |
| 20:24 | Research | Bow Saw |
| 20:33 | Build | House |
| 20:41 | Create | Villager (Male) |
| 20:50 | Research | Crossbowman (upgrade) |
| 20:57 | Build | Monastery |
| 20:58 | Create | Villager (Male) |
| 21:08 | Create | Villager (Male) |
| 21:30 | Create | Villager (Male) |
| 21:35 | Build | House |
| 21:37 | Create | Monk |
| 21:44 | Create | Villager (Male) |
| 22:12 | Create | Archer |
| 22:12 | Create | Archer |
| 22:14 | Create | Villager (Male) |
| 22:45 | Create | Villager (Male) |
| 22:56 | Create | Villager (Male) |
| 22:58 | Create | Monk |
| 23:15 | Research | Wheelbarrow |
| 23:15 | Research | Wheelbarrow |
| 23:24 | Build | Town Center |
| 23:27 | Create | Villager (Male) |
| 23:37 | Create | Archer |
| 23:38 | Create | Archer |
| 23:41 | Create | Villager (Male) |
| 24:05 | Create | Villager (Male) |
| 24:08 | Build | Farm |
| 24:13 | Create | Villager (Male) |
| 24:18 | Build | Market |
| 24:30 | Create | Villager (Male) |
| 24:46 | Research | Heavy Plow |
| 24:47 | Create | Villager (Male) |
| 24:51 | Research | Hand Cart |
| 25:01 | Create | Villager (Male) |
| 25:01 | Create | Villager (Male) |
| 25:02 | Build | Farm |
| 25:03 | Build | Farm |
| 25:05 | Create | Villager (Male) |
| 25:05 | Create | Villager (Male) |
| 25:09 | Build | House |
| 25:11 | Build | House |
| 25:13 | Build | Palisade Wall |
| 25:23 | Create | Villager (Male) |
| 25:30 | Create | Villager (Male) |
| 25:30 | Create | Villager (Male) |
| 25:36 | Build | Town Center |
Build order — marius_590
First 150 of 544 actions detected
| 0:00 | Create | Villager (Male) ×4 |
| 0:00 | Create | Villager (Male) ×4 |
| 0:02 | Build | House |
| 0:04 | Build | House |
| 1:24 | Create | Villager (Male) |
| 1:45 | Build | Lumber Camp |
| 1:49 | Create | Villager (Male) |
| 2:17 | Create | Villager (Male) |
| 2:48 | Create | Villager (Male) |
| 2:48 | Create | Villager (Male) |
| 3:26 | Build | House |
| 3:28 | Build | House |
| 3:32 | Create | Villager (Male) |
| 3:40 | Build | House |
| 4:00 | Create | Villager (Male) |
| 4:26 | Create | Villager (Male) |
| 4:42 | Build | Mill |
| 4:54 | Create | Villager (Male) |
| 4:54 | Create | Villager (Male) |
| 5:18 | Create | Villager (Male) |
| 5:18 | Create | Villager (Male) |
| 6:08 | Create | Villager (Male) |
| 6:08 | Create | Villager (Male) |
| 7:05 | Create | Villager (Male) |
| 7:06 | Create | Villager (Male) |
| 7:41 | Build | Barracks |
| 7:50 | Research | Loom |
| 8:12 | Build | Mining Camp |
| 8:28 | Create | Militia |
| 8:28 | Create | Militia |
| 8:42 | Research | Feudal Age |
| 9:04 | Build | House |
| 9:39 | Create | Militia |
| 9:51 | Build | House |
| 9:55 | Build | Palisade Wall |
| 10:14 | Build | Palisade Gate |
| 10:52 | Age | Feudal Age |
| 10:53 | Create | Villager (Male) |
| 10:53 | Create | Villager (Male) |
| 11:18 | Create | Villager (Male) |
| 11:19 | Create | Spearman |
| 11:19 | Create | Spearman |
| 11:21 | Build | House |
| 11:24 | Research | Double-Bit Axe |
| 11:39 | Create | Villager (Male) |
| 11:46 | Build | Market |
| 11:51 | Build | Blacksmith |
| 11:57 | Create | Spearman |
| 12:20 | Create | Villager (Male) |
| 12:24 | Research | Horse Collar |
| 12:55 | Create | Spearman |
| 12:59 | Create | Villager (Male) |
| 13:28 | Build | Watch Tower |
| 13:45 | Create | Villager (Male) |
| 13:45 | Create | Villager (Male) |
| 13:45 | Create | Villager (Male) |
| 13:47 | Build | Farm |
| 13:48 | Build | Farm |
| 13:52 | Build | Farm |
| 14:01 | Build | Mining Camp |
| 14:26 | Create | Villager (Male) |
| 14:28 | Build | Farm |
| 14:33 | Build | Farm |
| 14:34 | Build | Farm |
| 14:36 | Build | Farm |
| 14:38 | Build | Farm |
| 14:40 | Build | Farm |
| 14:49 | Build | Farm |
| 14:53 | Create | Villager (Male) |
| 15:07 | Build | Farm |
| 15:12 | Build | Farm |
| 15:23 | Build | Farm |
| 15:44 | Build | Watch Tower |
| 15:51 | Create | Villager (Male) |
| 15:54 | Build | Farm |
| 16:17 | Create | Villager (Male) |
| 16:25 | Build | Farm |
| 16:29 | Build | Farm |
| 16:33 | Build | Farm |
| 16:37 | Research | Wheelbarrow |
| 16:38 | Research | Wheelbarrow |
| 17:53 | Research | Castle Age |
| 18:15 | Research | Fletching |
| 18:27 | Build | House |
| 18:28 | Build | House |
| 18:29 | Build | House |
| 18:57 | Create | Villager (Male) |
| 18:58 | Create | Villager (Male) |
| 19:31 | Create | Villager (Male) |
| 19:52 | Build | House |
| 20:36 | Create | Villager (Male) |
| 20:36 | Create | Villager (Male) |
| 20:37 | Age | Castle Age |
| 20:39 | Build | Siege Workshop |
| 20:58 | Create | Mangonel |
| 21:10 | Research | Bodkin Arrow |
| 21:19 | Create | Villager (Male) |
| 21:40 | Create | Mangonel |
| 21:41 | Create | Villager (Male) |
| 22:16 | Create | Villager (Male) |
| 22:49 | Create | Villager (Male) |
| 22:50 | Create | Villager (Male) |
| 22:52 | Research | Bow Saw |
| 23:10 | Build | Town Center |
| 23:16 | Create | Villager (Male) |
| 23:32 | Research | Heavy Plow |
| 23:39 | Build | House |
| 23:42 | Build | House |
| 23:43 | Build | House |
| 23:56 | Create | Villager (Male) |
| 23:56 | Create | Villager (Male) |
| 24:08 | Create | Villager (Male) |
| 24:09 | Create | Villager (Male) |
| 24:09 | Create | Villager (Male) |
| 24:43 | Build | Town Center |
| 24:48 | Create | Villager (Male) |
| 24:48 | Create | Villager (Male) |
| 24:57 | Create | Villager (Male) |
| 24:59 | Create | Villager (Male) |
| 25:15 | Research | Scale Mail Armor |
| 25:15 | Research | Forging |
| 25:24 | Build | Barracks |
| 25:28 | Research | Squires |
| 25:34 | Research | Pikeman (upgrade) |
| 25:38 | Build | Barracks |
| 25:44 | Create | Villager (Male) |
| 25:45 | Create | Villager (Male) |
| 25:47 | Create | Villager (Male) |
| 25:52 | Build | Farm |
| 25:53 | Build | Farm |
| 25:59 | Build | Farm |
| 26:07 | Create | Villager (Male) |
| 26:08 | Create | Villager (Male) |
| 26:09 | Create | Villager (Male) |
| 26:16 | Create | Spearman |
| 26:16 | Create | Spearman |
| 26:17 | Create | Spearman |
| 26:17 | Create | Spearman |
| 26:18 | Create | Spearman |
| 26:33 | Create | Spearman |
| 26:36 | Create | Spearman |
| 26:36 | Create | Spearman |
| 26:46 | Create | Villager (Male) |
| 26:53 | Build | Farm |
| 26:59 | Build | Farm |
| 27:05 | Create | Villager (Male) |
| 27:06 | Create | Villager (Male) |
| 27:07 | Create | Villager (Male) |
| 27:19 | Create | Villager (Male) |
| 27:20 | Create | Villager (Male) |
Match timeline
| 5:07 | Kurminog · first_building Barracks |
| 7:41 | marius_590 · first_building Barracks |
| 9:55 | marius_590 · wall_segment Palisade Wall x4 |
| 10:19 | Kurminog · age_up feudal |
| 10:24 | Kurminog · first_building Archery Range |
| 10:52 | marius_590 · age_up feudal |
| 17:25 | Kurminog · wall_segment Palisade Wall x1 |
| 17:26 | Kurminog · wall_segment Palisade Wall x1 |
| 17:26 | marius_590 · first_market_sell 500 wood |
| 17:27 | Kurminog · wall_segment Palisade Wall x1 |
| 17:29 | marius_590 · first_market_buy 100 food |
| 20:18 | Kurminog · age_up castle |
| 20:37 | marius_590 · age_up castle |
| 20:39 | marius_590 · first_building Siege Workshop |
| 20:57 | Kurminog · first_building Monastery |
| 25:13 | Kurminog · wall_segment Palisade Wall x1 |
| 27:45 | Kurminog · first_market_buy 100 stone |
| 30:02 | Kurminog · first_market_sell 100 wood |
| 32:06 | marius_590 · first_building Castle |
| 32:11 | Kurminog · first_building Stable |
| 33:38 | Kurminog · wall_segment Stone Wall x6 |
| 34:30 | Kurminog · first_building Castle |
| 34:39 | Kurminog · age_up imperial |
| 36:13 | Kurminog · wall_segment Stone Wall x7 |
| 36:18 | marius_590 · age_up imperial |
| 38:13 | Kurminog · wall_segment Stone Wall x5 |
| 38:55 | marius_590 · first_building Stable |
| 39:42 | Kurminog · wall_segment Stone Wall x5 |
| 54:50 | marius_590 · resign |
[ AI ANALYSIS · 1 CREDIT ]
What really happened in this match?
Wolo.gg analyzes every decision: build order, eco, micro, common mistakes by bracket. Personalized analysis on WhatsApp or Discord in 30 seconds.
Civ guide
Magyars
Perfil
Kurminog